 Dungeon Crawl Stone Soup version 0.31-a0-7-g51783674b7 (webtiles) character file.

Game seed: 3407603050769875686

37 Pimp the Trooper (level 3, -6/27 (30) HPs)
             Began as a Barachi Fighter on May 5, 2023.
             Mangled by Terence
             ... wielding the +7 Throatcutter {drain, coup de grace}
              (14 damage)
             ... on level 2 of the Dungeon.
             The game lasted 00:01:07 (726 turns).

Pimp the Trooper (Barachi Fighter)                   Turns: 726, Time: 00:01:08

HP:   -6/27 (30)    AC:  7    Str: 17    XL:     3   Next: 39%
MP:   3/3           EV:  9    Int:  8    God:
Gold: 36            SH:  5    Dex: 13    Spells: 2/2 levels left

rFire   . . .        a - +0 long sword
rCold   . . .        c - +0 buckler
rNeg    . . .        b - +0 scale mail
rPois   .            (no helmet)
rElec   .            (no cloak)
rCorr   .            (no gloves)
SInv    .            (no boots)
Will    .....        (no amulet) Stlth
                     (no ring)
HPRegen 0.24/turn    (no ring)
MPRegen 0.08/turn

%: no passive effects
@: mighty, heavily drained, slow
A: amphibious, slowness 1, strong legs 1, +LOS
a: Hop


You were on level 2 of the Dungeon.
You visited 1 branch of the dungeon, and saw 2 of its levels.

You collected 36 gold pieces.

Inventory:

Hand Weapons
 a - a +0 long sword (weapon)
Armour
 b - a +0 scale mail (worn)
 c - a +0 buckler (worn)
Scrolls
 g - a scroll of vulnerability {unknown}
 h - a scroll of blinking {unknown}
 j - a scroll of teleportation {unknown}
Potions
 e - 2 potions of haste {unknown}
 f - a potion of heal wounds {unknown}
 i - a potion of curing {unknown}


   Skills:
 + Level 4.1 Fighting
 + Level 3.0 Long Blades
 + Level 4.1 Armour
 + Level 3.7 Shields


You had 2 spell levels left.
You didn't know any spells.
Your spell library was empty.

Dungeon Overview and Level Annotations

Branches:
Dungeon (2/15)

Altars:

Annotations:
D:2 Terence


Innate Abilities, Weirdness & Mutations

You are amphibious.
You cover ground slowly.
You can hop short distances.
You have an extended range of vision and can be seen from far away.


Message History

Things that are here:
a +0 whip; 2 stones A worm comes into view.
A worm is nearby!
A worm is nearby!
A worm is nearby!
You hit the worm but do no damage. The worm bites you.
You hit the worm.
The worm is moderately wounded.
The worm barely misses you.
You hit the worm.
The worm is heavily wounded.
The worm completely misses you.
You slash the worm!
The worm is almost dead.
You barely miss the worm.
The worm is almost dead.
You block the worm's attack.
You hit the worm.
You kill the worm!
You see here a worm corpse.
Terence the Incautious comes into view.
He is wielding the +7 Throatcutter {drain, coup de grace}.
Terence shouts!
Terence is nearby!
Terence is nearby!
You block Terence's attack.
You hit Terence.
Terence is moderately wounded.
Terence hits you with the +7 Throatcutter {drain, coup de grace}!
You feel drained.
Okay, then.
You feel very mighty all of a sudden.
Terence hits you with the +7 Throatcutter {drain, coup de grace}!
You feel drained.
* * * LOW HITPOINT WARNING * * *
You barely miss Terence.
Terence is moderately wounded.
Terence hits you with the +7 Throatcutter {drain, coup de grace}!
Ouch! That really hurt!
You die...

).>.........#
##.######.#.#
#.# #.#.#
##### #.#
#†#.# #...#
#.# #.#.#
#.#.### #.#
#.#.####.....#
#.#
#.#........#.#
#.#
#.##########.#
#.#
#...$..@@....#
##############


You could see Terence.

Vanquished Creatures
  2 worms (D:2)
  A dart slug (D:1)
  A bat (D:1)
  5 endoplasms
  2 giant cockroaches (D:1)
  3 goblins
  3 hobgoblins (D:1)
  3 kobolds
  2 quokkas (D:2)
  A ball python (D:1)
  A rat (D:2)
24 creatures vanquished.

Notes
Turn   | Place    | Note
-------+----------+-------------------------------------------
     0 | D:1      | Pimp the Barachi Fighter began the quest for the Orb.
     0 | D:1      | Reached XP level 1. HP: 18/18 MP: 1/1
    45 | D:1      | Reached XP level 2. HP: 20/25 MP: 2/2
   348 | D:1      | Found a faded altar of an unknown god.
   526 | D:2      | Reached XP level 3. HP: 29/30 MP: 3/3
   720 | D:2      | Noticed Terence
   726 | D:2      | Mangled by Terence

Illustrated notes

Levels and vault maps discovered:
D:1:      dpeg_arrival_simpleton_a, layout_rooms, basic_ecumenical_altar
D:2:      layout_basic, serial_shops, nicolae_shop_dealshenge, uniq_terence

Skill      XL: |  1  2  3 |
---------------+----------+-----
Fighting       | 4 |  4.1
Armour         | 4 |  4.1
Long Blades    | 3 |  3.0
Shields        | |  3.7

Action                     || total
---------------------------++-------
  Melee: Long sword        ||    85
    Use: Potion            ||     1
 Armour: Scale mail        ||    37
  Dodge: Dodged            ||    35
  Block: Buckler           ||    21

Table legend: (Time is in decaauts)
 A = Elapsed time spent in this place.
 B = Non-inter-level travel time spent in this place.
 C = Inter-level travel time spent in this place.
 D = Time resting spent in this place.
 E = Time spent auto-exploring this place.
 F = Levels seen in this place.
 G = Mean time per level.
                   A        B        C        D        E       F      G
               +--------+--------+--------+--------+--------+-----+--------+
         Total |    861 |    848 |     13 |     21 |    583 |   2 |  430.5 |
       Dungeon |    861 |    848 |     13 |     21 |    583 |   2 |  430.5 |
               +--------+--------+--------+--------+--------+-----+--------+

Top non-repeatable levels by time:
     D:1: 593 daAuts
     D:2: 268 daAuts
